AoeStats
← Chaac1706

Arabia

504522265Analyzed
1v1 RM · 28d ago on Sep 5, 2026· 58m 55s· 2 players
Game mode
Random Map
Map size
Tiny (2 player)
Population
200
Speed
Normal
Resources
Standard
Victory
Conquest
Starting age
Dark Age
Ending age
Imperial Age
RankedLock teamsTeams togetherTeam positionsShared explorationLock speedFull tech treeHidden civsTurbo modeCheats
Victory
Defeat
🇹🇼 Mongols · Taiwan
1186
+15
🇨🇴 Muisca · Colombia
1166
-15
Chaac1706
6:57 Loom
9:28 Feudal Age
10:29 Champi Runner
12:04 Town Watch
16:35 Wheelbarrow
20:03 Castle Age
18:24 Gold Mining
18:45 Double-Bit Axe
19:35 Fletching
19:42 Horse Collar
20:17 Crossbowman
21:56 Padded Archer Armor
26:56 Bow Saw
26:50 Heavy Plow
27:47 Leather Archer Armor
28:18 Bodkin Arrow
29:27 Thumb Ring
30:58 Hand Cart
31:30 Town Patrol
32:46 Ballistics
35:20 Imperial Age
35:32 Gold Shaft Mining
34:49 Stone Mining
36:01 Bracer
37:03 Chemistry
35:28 Arbalester
37:18 Two-Man Saw
36:50 Crop Rotation
36:52 Herbalism
37:13 Conscription
41:27 Siege Engineers
43:10 Champi Warrior
43:51 Squires
43:54 Scale Mail Armor
44:04 Forging
44:54 Chain Mail Armor
44:01 Elite Champi Warrior
47:57 Plate Mail Armor
48:21 Iron Casting
49:36 Elite Skirmisher
惠惠神獸
2:23 Loom
7:06 Loom
8:55 Feudal Age
14:15 Horse Collar
16:44 Double-Bit Axe
18:58 Wheelbarrow
19:29 Stone Mining
22:36 Castle Age
21:03 Fletching
21:49 Gold Mining
23:21 Bodkin Arrow
23:56 Padded Archer Armor
25:05 Leather Archer Armor
25:15 Bow Saw
25:52 Ballistics
25:58 Husbandry
30:26 Bloodlines
30:28 Heavy Plow
36:16 Imperial Age
35:03 Hand Cart
37:52 Bracer
38:53 Chemistry
38:43 Forging
38:19 Elite Mangudai
39:26 Parthian Tactics
39:33 Conscription
40:46 Elite Skirmisher
41:32 Thumb Ring
40:52 Light Cavalry
45:05 Gold Shaft Mining
44:21 Stone Mining
46:30 Nomads
45:54 Hussar
49:00 Iron Casting
51:12 Stone Shaft Mining
50:29 Town Watch
51:54 Blast Furnace
50:59 Scale Barding Armor
53:46 Siege Engineers
54:03 Chain Barding Armor
Connection lost

Rejoining the realm…

Still unreachable

The connection could not be restored.

Session expired

The server has moved on; the page needs a fresh start.